 Dungeon Crawl Stone Soup version 0.21.1-1-g345015f (webtiles) character file.

21 letownia2 the Poker (level 2, -3/22 HPs)
             Began as a Merfolk Skald on Mar 11, 2018.
             Slain by an adder (5 damage)
             ... on level 2 of the Dungeon.
             The game lasted 00:01:30 (281 turns).

letownia2 the Poker (Merfolk Skald)                  Turns: 281, Time: 00:01:30

Health: -3/22      AC:  3    Str: 11    XL:     2   Next: 83%
Magic:  2/5        EV: 12    Int: 12    God:
Gold:   65         SH:  0    Dex: 13    Spells: 2/5 levels left

rFire    . . .     SeeInvis .   a - +0 spear
rCold    . . .     Gourm    .   (no shield)
rNeg     . . .     Faith    .   b - +0 leather armour
rPois    .         Spirit   .   (no helmet)
rElec    .         Reflect  .   (no cloak)
rCorr    .         Harm     .   (no gloves)
MR       .....                  (no boots)
Stlth    +.........             (no amulet)
HPRegen  0.07/turn              (no ring)
MPRegen  0.09/turn              (no ring)

@: very slightly contaminated
A: change form in water, swift swim, stealthy swim
a: no special abilities


You were on level 2 of the Dungeon.
You were not hungry.

You visited 1 branch of the dungeon, and saw 2 of its levels.

You collected 65 gold pieces.

Inventory:

Hand Weapons
 a - a +0 spear (weapon)
Missiles
 l - 6 curare-tipped needles
Armour
 b - a +0 leather armour (worn)
 h - a +0 ring mail
Scrolls
 e - 3 scrolls of identify {unknown}
 f - 2 scrolls of enchant armour {unknown}
 i - a scroll of amnesia {unknown}
 j - a scroll of enchant weapon {unknown}
 k - a scroll of noise {unknown}
Potions
 g - a potion of curing {unknown}
Books
 c - a book of Battle

   Spells                             Type                      Level
   a - Infusion                       Charms                       1
   b - Shroud of Golubria             Charms/Translocation         2
   c - Song of Slaying                Charms                       2
   d - Spectral Weapon                Hexes/Charms                 3
   e - Regeneration                   Charms/Necromancy            3
Comestibles
 d - 2 rations


   Skills:
 - Level 2.1 Fighting
 + Level 4.8 Polearms
 - Level 0.6 Armour
 - Level 2.6 Dodging
 - Level 2.0 Spellcasting
 - Level 3.2 Charms
 + Level 0.0 Translocations


You had 2 spell levels left.
You knew the following spells:

 Your Spells              Type           Power        Failure   Level  Hunger
a - Infusion              Chrm           #...         10%         1    ##.....
t - Shroud of Golubria    Chrm/Tloc      #.........   26%         2    ###....


Dungeon Overview and Level Annotations

Branches:
Dungeon (2/15)

Altars:


Message History

The giant cockroach barely misses you.
You hit the giant cockroach.
The giant cockroach is severely wounded.
The giant cockroach bites you but does no damage.
The adder bites you but does no damage. The giant cockroach closely misses you.
Unknown command.
You hit the giant cockroach but do no damage.
The giant cockroach is heavily wounded.
The giant cockroach bites you.
* * * LOW HITPOINT WARNING * * *
The adder barely misses you. The giant cockroach barely misses you.
You closely miss the giant cockroach.
The giant cockroach is heavily wounded.
The giant cockroach misses you. The adder bites you but does no damage.
The giant cockroach closely misses you.
Unknown command.
You hit the giant cockroach.
You kill the giant cockroach!
The adder bites you.
You die...

#. #..g. .... #... #..
#.. # #.### ...
#.SS###....[
#.#s@.ss.....
#S####ss....s.### #S##.#
.......#.# ###K##.# ....
...# # #......## ...
##.####. #.......##
..##.......
#.(.=....######!.....<.
#..#......#..............
##.#......########.......


You could see 2 adders and 5 giant cockroaches.

Vanquished Creatures
  An ooze (D:1)
  A giant cockroach (D:2)
  2 goblins (D:1)
  3 hobgoblins (D:1)
  4 jackals (D:1)
  2 bats (D:1)
  A kobold (D:1)
14 creatures vanquished.

Notes
Turn   | Place    | Note
-------+----------+-------------------------------------------
     0 | D:1      | letownia2 the Merfolk Skald began the quest for the Orb.
     0 | D:1      | Reached XP level 1. HP: 16/16 MP: 3/3
   136 | D:1      | Reached skill level 4 in Polearms
   136 | D:1      | Reached XP level 2. HP: 16/22 MP: 5/5
   237 | D:1      | Learned a level 2 spell: Shroud of Golubria
   279 | D:2      | HP: 1/22 [giant cockroach (1)]
   281 | D:2      | Slain by an adder

Skill      XL: |  1 |
---------------+----+-----
Polearms       | 4 |  4.8
Fighting       | |  2.1
Armour         | |  0.6
Dodging        | |  2.6
Spellcasting   | |  2.0
Charms         | |  3.2

Action                   || total
-------------------------++-------
Melee: Spear             ||    51
 Cast: Infusion          ||     6
Armor: Leather armour    ||    18
Dodge: Dodged            ||    57
